Map: Romanticide LE

Players

A.I. 1 (Very Easy)

  • Race: Terran Terran
  • Spawn Location: 5:00

Powerfoe - Winner!

  • Race: Protoss Protoss
  • Spawn Location: 11:00

VOD

Have the link to the VOD?

Description

dirtie

Time

  • Played on: April 5, 2021, 4:56 p.m.
  • Length: 4:30
Show
View Real Time Build Order
Export as new Build Order

A.I. 1 (Very Easy) Terran 

Build Orders:  

Get SALT Encoding   

  12  0:00  SCV  
  13  0:13  SCV  
  14  0:18  Supply Depot  
  14  0:37  Refinery  
  14  0:43  Barracks  
  14  1:04  Supply Depot  
  14  1:11  Refinery  
  14  1:30  Marine  
  14  1:32  Orbital Command  
  15  1:49  Barracks Tech Lab  
  15  1:58  SCV  
  16  2:10  SCV  
  17  2:17  Marine  
  17  2:22  SCV  
  19  2:34  SCV  
  20  2:46  SCV  
  21  2:58  SCV  
  22  3:05  Marauder  
  24  3:53  Marine  
  21  4:06  SCV  
Show
View Real Time Build Order
Export as new Build Order

Powerfoe Protoss - Winner!

Build Orders: Proxy Void Ray 

Get SALT Encoding   

  12  0:00  Probe  
  13  0:12  Probe  
  14  0:18  Pylon  
  14  0:24  Probe (Chrono Boost)  
  15  0:36  Probe (Chrono Boost)  
  15  0:37  Gateway  
  16  0:45  Probe (Chrono Boost)  
  16  0:46  Assimilator  
  17  0:51  Probe  
  18  1:03  Probe  
  19  1:04  Assimilator  
  19  1:09  Pylon  
  19  1:15  Probe  
  20  1:23  Cybernetics Core  
  20  1:27  Probe  
  20  1:32  Gateway  
  21  1:39  Probe  
  22  1:51  Probe  
  23  2:01  Stargate  
  25  2:03  Probe  
  25  2:04  Stalker (Chrono Boost)  
  26  2:17  Stalker (Chrono Boost)  
  26  2:20  Pylon  
  28  2:35  Void Ray (Chrono Boost)  
  28  2:42  Stalker  
  30  2:48  Pylon  
  34  3:05  Void Ray (Chrono Boost)  
  34  3:07  Shield Battery  
  34  3:09  Shield Battery  
  38  3:20  Stalker  
  40  3:39  Shield Battery  
  40  3:41  Void Ray (Chrono Boost)  
  44  3:59  Pylon x2  
  48  4:24  Shield Battery  
  48  4:25  Shield Battery  
Tags
 
Add a new tag
Caveats
  • Supply blocks, unpowered buildings, or Contaminate may cause inaccurate times.
  • Supply counts are checked every 10 seconds.